 Dungeon Sprint DCSS version 0.29-a0-472-ge5599a681e (webtiles) character file.

Game seed: 320106454559694790

4816 mhtbhm the Imperceptible (level 10, 0/56 HPs)
             Began as a Spriggan Brigand on May 22, 2022.
             Was an Elder of Dithmenos.
             Killed by drain life
             ... invoked by a soul eater
             ... summoned by an orc high priest
              (20 damage)
             ... in the Dungeon (Sprint III: "The Ten Rune Challenge").
             The game lasted 00:05:52 (1776 turns).

mhtbhm the Imperceptible (Spriggan Brigand)         Turns: 1776, Time: 00:05:52

Health: 0/56       AC:  3    Str:  9    XL:     10   Next: 24%
Magic:  11/15      EV: 25    Int: 13    God:    Dithmenos [****..]
Gold:   23         SH:  0    Dex: 21    Spells: 9/9 levels left

rFire   . . .      SeeInvis +   a - +2 dagger
rCold   . . .      Faith    .   (no shield)
rNeg    . . .      Spirit   .   b - +0 robe
rPois   .          Reflect  .   (helmet restricted)
rElec   .          Harm     .   c - +0 cloak
rCorr   .          Rampage  .   (gloves unavailable)
Will    +....      NoTele   +   (boots unavailable) Stlth ***+++++++
                                (no amulet)
HPRegen 0.18/turn               (no ring)
MPRegen 0.14/turn               (no ring)

@: mighty, wreathed by umbra, very quick
A: very small, no large weapons, unfitting armour, see invisible, speed 3,
strong 1
a: Renounce Religion, Shadow Step


You were in the Dungeon.
You worshipped Dithmenos.
Dithmenos was greatly pleased with you.
You visited 1 branch You collected 23 gold pieces.

Inventory:

Hand Weapons
 a - a +2 dagger (weapon)
Missiles
 d - 7 poisoned darts
 h - 3 curare-tipped darts (quivered)
Armour
 b - a +0 robe (worn)
 c - a +0 cloak (worn)
Wands
 f - a wand of digging (8)
Scrolls
 k - a scroll of blinking
 m - a scroll of poison
 n - a scroll of identify
 p - a scroll of torment
Potions
 i - 3 potions of magic
 o - 3 potions of flight
 q - 4 potions of mutation
Miscellaneous
 g - a box of beasts (inert)


   Skills:
 + Level 7.8 Fighting
 + Level 11.8 Short Blades
 + Level 10.9 Throwing
 + Level 9.4 Dodging
 + Level 22.0 Stealth
 * Level 6.2 Invocations
 + Level 1.0 Evocations


You had 9 spell levels left.
You didn't know any spells.
Your spell library contained the following spells:

 Spells                   Type           Power      Damage    Failure   Level
 Dazzling Flash           Conj/Hex       0%         N/A       67%         3
 Tukima's Dance           Hex            0%         N/A       67%         3
 Iskenderun's Mystic Bla  Conj/Tloc      0%         2d3       97%         4
 Passage of Golubria      Tloc           0%         N/A       97%         4
 Yara's Violent Unravell  Hex/Tmut       0%         3d3       100%        5
 Starburst                Conj/Fire      0%         6d3       100%        6


Dungeon Overview and Level Annotations

Branches:
Dungeon (1/1)

Altars:
Cheibriados
Dithmenos
Elyvilon
Fedhas
Gozag
Hepliaklqana
Kikubaaqudgha
Makhleb
Nemelex Xobeh
Okawaru
Qazlal
Ru
Sif Muna
Trog
Uskayaw
Vehumet
Wu Jian
Xom
Yredelemnul
Zin
The Shining One
Beogh
Jiyva
Lugonu


Innate Abilities, Weirdness & Mutations

You are very small and have problems with some larger weapons.
You are too small for most types of armour.
You have supernaturally acute eyesight. (SInv)
You cover ground extremely quickly. (Speed+++)
Your muscles are strong. (Str +2)


Message History

The orc high priest is poisoned.
The orc high priest convulses.
The orc high priest seems to slow down.
The orc high priest is lightly wounded.
A nearby plant withers and dies.
The sixfirhy barely misses you. The orc priest completely misses you.
Unknown command.
Throw: 5 darts (curare)
Press: ? - help, Q - select action, (/) - cycle Shift-Dir - straight line, f - orc priest, p - orc high priest
Aim: an orc priest, wielding a +0 war axe and wearing a +0 leather armour (umbra, 70% to hit)
You throw a curare-tipped dart.
The curare-tipped dart closely misses the orc priest.
The sixfirhy misses you.
The sixfirhy hits you but does no damage.
The orc high priest misses you.
Unknown command.
Throw: 4 darts (curare)
Press: ? - help, Q - select action, (/) - cycle Shift-Dir - straight line, f - orc high priest, p - orc priest
Aim: an orc high priest, wielding a +0 mace and wearing a +0 scale mail (lightly wounded, very poisoned, slow, umbra, 67% to hit)
You throw a curare-tipped dart.
The curare-tipped dart hits the orc high priest.
The orc high priest looks as sick as possible!
The orc high priest convulses.
The orc high priest seems to be slow for longer.
The orc high priest is moderately wounded.
The orc priest hits the plant with a +0 dagger.
The plant begins to die.
The orc priest calls down the wrath of Beogh upon you.
Pain shoots through your body!
The soul eater hits the plant.
The plant begins to die.
The orc priest miscasts a cantrip.
Unknown command.
Okay, then.
You puncture the orc high priest!
The orc high priest is moderately wounded.
Your shadow hits the orc high priest but does no damage.
The orc high priest utters an invocation to Beogh.
The orc priest looks braver for a moment.
The orc priest hits you with a +0 war axe!
The soul eater draws from the surrounding life force!
You die...

≈≈≈≈≈≈≈≈≈≈≈♣♣P.'.#.#.#.#
♣♣♣♣♣♣♣♣♣♣♣♣♣PP##.#.#.##
♣♣♣##'########
#...'.≈≈≈≈# #...#.≈≈≈≈#
#).)#.#≈≈§# #####.# §§§#
#oP3..# §§≈


#@oPPP# ≈≈ #o3oPP# ≈ #(..3.# #+##### You could see a soul eater (summoned), an
orc high priest (extremely poisoned, slow), a sixfirhy (summoned), a smoke demon
(summoned) and 3 orc priests.

Vanquished Creatures
  Harold (D)
  Erica (D)
  A centaur warrior (D)
  Joseph (D)
  A deep elf pyromancer (D)
  An unseen horror (D)
  A shadow (D)
  2 wandering mushrooms (D)
  A spatial vortex (D)
  2 centaurs (D)
  An earth elemental (D)
  A water elemental (D)
  A necrophage (D)
  A jelly (D)
  Jessica (D)
  A wizard (D)
  A necromancer (D)
  A kobold demonologist (D)
  3 humans (D)
  A wolf (D)
  3 rats (D)
27 creatures vanquished.

Vanquished Creatures (collateral kills)
  A wandering mushroom (D)
1 creature vanquished.

Vanquished Creatures (others)
  3 plants (D)
3 creatures vanquished.

Grand Total: 31 creatures vanquished

Notes
Turn   | Place    | Note
-------+----------+-------------------------------------------
     0 | D        | mhtbhm the Spriggan Brigand began the quest for the Orb.
     0 | D        | Reached XP level 1. HP: 10/10 MP: 2/2
     9 | D        | Reached skill level 6 in Stealth
    41 | D        | Noticed Jessica
    44 | D        | Killed Jessica
    45 | D        | Reached skill level 9 in Stealth
    45 | D        | Reached XP level 2. HP: 15/15 MP: 3/3
    92 | D        | Reached skill level 10 in Stealth
    92 | D        | Reached XP level 3. HP: 18/18 MP: 4/4
   134 | D        | Reached skill level 11 in Stealth
   331 | D        | Noticed a water elemental
   359 | D        | Gained mutation: You have an increased reservoir of magic.
                  | (+10% MP) [potion of mutation]
   359 | D        | Lost mutation: You have an increased reservoir of magic.
                  | (+10% MP) [potion of mutation]
   359 | D        | Gained mutation: Your muscles are strong. (Str +2) [potion
                  | of mutation]
   367 | D        | Killed a water elemental
   368 | D        | Reached skill level 13 in Stealth
   368 | D        | Reached XP level 4. HP: 23/23 MP: 5/5
   428 | D        | Found a basalt altar of Yredelemnul.
   428 | D        | Found a shadowy altar of Dithmenos.
   428 | D        | Found a sacrificial altar of Ru.
   428 | D        | Noticed a necrophage
   434 | D        | Reached XP level 5. HP: 20/28 MP: 6/6
   505 | D        | Reached skill level 5 in Throwing
   505 | D        | Reached skill level 14 in Stealth
   530 | D        | Became a worshipper of Dithmenos the Shadowed
   542 | D        | Found a radiant altar of Vehumet.
   542 | D        | Found a shimmering blue altar of Sif Muna.
   542 | D        | Found an ancient bone altar of Kikubaaqudgha.
   545 | D        | Reached skill level 15 in Stealth
   547 | D        | Reached skill level 5 in Short Blades
   554 | D        | Found a glowing silver altar of Zin.
   555 | D        | Found a glowing golden altar of the Shining One.
   555 | D        | Found a white marble altar of Elyvilon.
   555 | D        | Noticed a deep elf pyromancer
   557 | D        | Killed a deep elf pyromancer
   557 | D        | Reached * piety under Dithmenos
   558 | D        | Reached skill level 18 in Stealth
   558 | D        | Reached XP level 6. HP: 27/34 MP: 7/7
   558 | D        | Reached XP level 7. HP: 30/38 MP: 8/8
   560 | D        | Found a hide-covered altar of Uskayaw.
   560 | D        | Found an iron altar of Okawaru.
   560 | D        | Found a bloodstained altar of Trog.
   560 | D        | Found an ornate altar of the Wu Jian Council.
   560 | D        | Noticed a human
   560 | D        | Noticed a human
   603 | D        | Killed a human
   604 | D        | Reached skill level 19 in Stealth
   763 | D        | Killed a human
   764 | D        | Reached skill level 5 in Fighting
   844 | D        | Noticed a shadow
   941 | D        | Killed a shadow
   941 | D        | Reached ** piety under Dithmenos
   942 | D        | Reached XP level 8. HP: 21/43 MP: 9/9
  1139 | D        | Found a blossoming altar of Fedhas.
  1139 | D        | Found a stormy altar of Qazlal.
  1139 | D        | Found a snail-covered altar of Cheibriados.
  1139 | D        | Found a burning altar of Makhleb.
  1139 | D        | Found a shimmering altar of Xom.
  1140 | D        | Found a hazy altar of Hepliaklqana.
  1140 | D        | Found an opulent altar of Gozag.
  1140 | D        | Found a sparkling altar of Nemelex Xobeh.
  1140 | D        | Found a corrupted altar of Lugonu.
  1140 | D        | Found a viscous altar of Jiyva.
  1173 | D        | Reached skill level 5 in Dodging
  1173 | D        | Reached skill level 20 in Stealth
  1190 | D        | Noticed Erica
  1210 | D        | Killed Erica
  1321 | D        | Reached *** piety under Dithmenos
  1329 | D        | Noticed a centaur warrior
  1332 | D        | Reached XP level 9. HP: 49/49 MP: 10/10
  1333 | D        | Killed a centaur warrior
  1334 | D        | Reached skill level 10 in Short Blades
  1335 | D        | Reached skill level 10 in Throwing
  1346 | D        | Noticed an unseen horror
  1347 | D        | Killed an unseen horror
  1347 | D        | Reached **** piety under Dithmenos
  1350 | D        | Noticed Harold
  1350 | D        | Noticed Joseph
  1354 | D        | Killed Harold
  1355 | D        | Reached skill level 21 in Stealth
  1355 | D        | Reached skill level 5 in Invocations
  1355 | D        | Reached XP level 10. HP: 55/55 MP: 11/15
  1355 | D        | Killed Joseph
  1742 | D        | Reached ***** piety under Dithmenos
  1743 | D        | Reached skill level 22 in Stealth
  1743 | D        | Reached skill level 1 in Evocations
  1770 | D        | Noticed a soul eater
  1773 | D        | Noticed a sixfirhy
  1776 | D        | Killed from afar by a soul eater

Illustrated notes

Levels and vault maps discovered:
D:        dungeon_sprint_mu [sprint_mu_entry_forest, sprint_mu_temple_rooms,
          sprint_mu_d1_horrors, sprint_mu_d2_genie, sprint_mu_d3_branching,
          sprint_mu_orc_legion, sprint_mu_elf_gauntlet, sprint_mu_hive_nellie,
          sprint_mu_lair_fedhas, sprint_mu_vaults_butterflies,
          sprint_mu_slime_circle, sprint_mu_swamp_cave, sprint_mu_shoals_kraken,
          sprint_mu_blade_basic, sprint_mu_crypt_lich, sprint_mu_tomb_spiral,
          sprint_mu_vestibule_basic, sprint_mu_gehenna_hellfire,
          sprint_mu_dis_giant, sprint_mu_tartarus_statrot,
          sprint_mu_cocytus_islands, sprint_mu_zot1]

Skill      XL: |  1  2  3  4  5  6  7  8  9 10 |
---------------+-------------------------------+-----
Stealth        | 9 10 13 18 19 20 21 22 | 22.0
Fighting       | 2 4 5 6 7 |  7.8
Dodging        | 2 3 4 7 8 9 |  9.4
Short Blades   | 3 4 6 7 9 11 | 11.8
Throwing       | 4 6 7 9 10 | 10.9
Invocations    | 5 6 |  6.2
Evocations     | 1 |  1.0

Action                   |  1- 3 |  4- 6 |  7- 9 | 10-12 || total
-------------------------+-------+-------+-------+-------++-------
Melee: Dagger            |    21 |     9 |   145 |    41 ||   216
       Punch             |     1 |     1 |     1 |       ||     3
Throw: Dart              |    13 |     1 |    15 |     7 ||    36
Invok: Shadow Step       |       |       |       |     1 ||     1
Evoke: Box of beasts     |       |       |     1 |     1 ||     2
  Use: Scroll            |     3 |       |       |       ||     3
       Potion            |     2 |     2 |     2 |     1 ||     7
 Stab: Sleeping          |     1 |     3 |     6 |     1 ||    11
       Distracted        |       |       |       |     1 ||     1
Armor: Robe              |     2 |     2 |     2 |     2 ||     8
Dodge: Dodged            |    12 |     1 |    38 |    25 ||    76

Table legend: (Time is in decaauts)
 A = Elapsed time spent in this place.
 B = Non-inter-level travel time spent in this place.
 C = Inter-level travel time spent in this place.
 D = Time resting spent in this place.
 E = Time spent auto-exploring this place.
 F = Levels seen in this place.
 G = Mean time per level.
                   A        B        C        D        E       F      G
               +--------+--------+--------+--------+--------+-----+--------+
         Total |   1449 |   1449 |      0 |    841 |      0 |   1 | 1449.0 |
       Dungeon |   1449 |   1449 |      0 |    841 |      0 |   1 | 1449.0 |
               +--------+--------+--------+--------+--------+-----+--------+

Top non-repeatable levels by time:
       D: 1449 daAuts
